 Dungeon Crawl Stone Soup version 0.22-a0-32-ga749362 (webtiles) character file.

45 shenanigans the Charmwright (level 3, 0/29 HPs)
             Began as a Barachi Skald on Jan 3, 2018.
             Slain by a worm (11 damage)
             ... on level 2 of the Dungeon.
             The game lasted 00:02:26 (1399 turns).

shenanigans the Charmwright (Barachi Skald)         Turns: 1399, Time: 00:02:26

Health: 0/29       AC:  4    Str: 12    XL:     3   Next: 64%
Magic:  6/6        EV: 12    Int: 14    God:
Gold:   47         SH:  0    Dex: 11    Spells: 5/6 levels left

rFire    . . .     SeeInvis .   a - +0 falchion
rCold    . . .     Gourm    .   (no shield)
rNeg     . . .     Faith    .   b - +0 leather armour
rPois    .         Spirit   .   (no helmet)
rElec    .         Reflect  .   (no cloak)
rCorr    .         Harm     .   g - +0 pair of gloves
MR       .....                  (no boots)
Stlth    +.........             (no amulet)
HPRegen  0.09/turn              k - ring of flight
MPRegen  0.10/turn              (no ring)

@: starving, slow
A: +LOS, swims, slowness 1, strong legs 1
a: Hop, Evoke Flight


You were on level 2 of the Dungeon.
You were starving.

You visited 1 branch of the dungeon, and saw 2 of its levels.

You collected 47 gold pieces.

Inventory:

Hand Weapons
 a - a +0 falchion (weapon)
Missiles
 e - 7 tomahawks (quivered)
Armour
 b - a +0 leather armour (worn)
 g - a +0 pair of gloves (worn)
Jewellery
 k - a ring of flight (left hand)
 n - a +4 ring of strength {unknown}
Scrolls
 f - a scroll of teleportation {unknown}
 i - a scroll of remove curse {unknown}
 j - a scroll of identify {unknown}
 m - a scroll of enchant armour {unknown}
Potions
 h - 3 potions of flight {unknown}
 l - a potion of curing {unknown}
 o - a potion of berserk rage {unknown}
Books
 c - a book of Battle

   Spells                             Type                      Level
   a - Infusion                       Charms                       1
   b - Shroud of Golubria             Charms/Translocation         2
   c - Song of Slaying                Charms                       2
   d - Spectral Weapon                Hexes/Charms                 3
   e - Regeneration                   Charms/Necromancy            3
Comestibles
 d - 6 rations


   Skills:
 + Level 3.1 Fighting
 + Level 3.2 Long Blades
 + Level 2.2 Armour
 + Level 2.8 Dodging
 - Level 2.1 Spellcasting
 - Level 3.2 Charms


You had 5 spell levels left.
You knew the following spells:

 Your Spells              Type           Power        Failure   Level  Hunger
a - Infusion              Chrm           ##..         8%          1    #......


Dungeon Overview and Level Annotations

Branches:
Dungeon (2/15)

Altars:


Innate Abilities, Weirdness & Mutations

Shadows flee at your approach. (+LOS)
You can swim through water.
You cover ground slowly.
You can hop short distances.


Message History

The hobgoblin is moderately wounded.
The hobgoblin closely misses you. The hobgoblin hits you with a club.
You hit the hobgoblin.
The hobgoblin is almost dead.
The worm barely misses you. The hobgoblin hits you with a club.
You barely miss the hobgoblin.
The hobgoblin is almost dead.
The hobgoblin closely misses you.
You closely miss the hobgoblin.
The hobgoblin is almost dead.
The worm bites you but does no damage. The hobgoblin closely misses you.
You riposte.
You barely miss the hobgoblin.
The hobgoblin is almost dead.
You closely miss the hobgoblin.
The hobgoblin is almost dead.
The hobgoblin misses you. The worm bites you!
You hit the hobgoblin.
You kill the hobgoblin!
The worm bites you!
You die...

.. ..# # #. h.. .
##.#. .. .##
..#.####.### ...
..........## #.#
#.........######.#
#....#.#.......#.#
#............#.#.##
#.###@...##....#..#.#.
#....w)........##.#.#.
#####<................
######..#.#.#.#...
#..........#...
#...##รท#.###...
#......w.###...
#...####.......
#...####.###w##


You could see a worm.

Vanquished Creatures
  2 adders (D:2)
  3 giant cockroaches (D:1)
  3 goblins
  5 hobgoblins
  4 jackals (D:2)
  4 kobolds (D:1)
  A bat (D:1)
  2 rats (D:1)
24 creatures vanquished.

Notes
Turn   | Place    | Note
-------+----------+-------------------------------------------
     0 | D:1      | shenanigans the Barachi Skald began the quest for the Orb.
     0 | D:1      | Reached XP level 1. HP: 17/17 MP: 3/3
    74 | D:1      | Reached XP level 2. HP: 20/23 MP: 5/5
   762 | D:2      | Reached XP level 3. HP: 15/29 MP: 2/6
  1399 | D:2      | Slain by a worm

Vault maps used:
D:1:      scummos_arrival_forest
D:2:      first_ration

Skill      XL: |  1  2 |
---------------+-------+-----
Fighting       | 3 |  3.1
Long Blades    | 3 |  3.2
Armour         | 2 |  2.2
Dodging        | |  2.8
Spellcasting   | |  2.1
Charms         | |  3.2

Action                   || total
-------------------------++-------
Melee: Falchion          ||    98
Throw: Tomahawk          ||     1
 Cast: Infusion          ||     3
 Abil: Hop               ||     1
Armor: Leather armour    ||    21
Dodge: Dodged            ||    76
       Rpst.: Falchion   ||    27

Table legend:
 A = Spawn XP
 B = Non-spawn XP
 C = Spawn XP percentage of total XP
 D = Spawn monster count
 E = Non-spawn monster count
 F = Spawn count percentage of total count
 G = Total turns spent on level
                    A         B        C        D         E        F      G
               +---------+---------+-------+---------+---------+-------+---------
         Total |       0 |      65 |   0.0 |       0 |      24 |   0.0 |  1399
               +---------+---------+-------+---------+---------+-------+---------
           D:1 |       0 |      24 |   0.0 |       0 |      14 |   0.0 |   921
           D:2 |       0 |      41 |   0.0 |       0 |      10 |   0.0 |   478
               +---------+---------+-------+---------+---------+-------+---------
